Construct Infanterie Kompanie
Selects Breakthrough Battlegroup
Selects Assault Grenadiers
Construct Luftwaffe Kompanie
Flak 30 Anti-aircraft Gun Team
Selects Smoke Bombing Run
Construct Panzergrenadier Kompanie
Pak 40 Anti-tank Gun Team
Selects Incendiary Bombing Run
Nebelwerfer 42 Rocket Launcher Team
Construct Panzer Kompanie
Nebelwerfer 42 Rocket Launcher Team
Nebelwerfer 42 Rocket Launcher Team
Pak 40 Anti-tank Gun Team